AoeStats
← stepych

Black Forest

505940437Analyzed
1v1 RM · 21d ago on Sep 11, 2026· 39m 43s· 2 players
Game mode
Random Map
Map size
Tiny (2 player)
Population
200
Speed
Normal
Resources
Standard
Victory
Conquest
Starting age
Dark Age
Ending age
Imperial Age
RankedLock teamsTeams togetherTeam positionsShared explorationLock speedFull tech treeHidden civsTurbo modeCheats
Victory
Defeat
🇦🇷 Koreans · Argentina
1068
+17
🇷🇺 Wei · Russia
1091
-48
Post Nut Clarity
1:05 Loom
10:17 Feudal Age
13:44 Double-Bit Axe
13:45 Horse Collar
18:28 Fletching
22:14 Castle Age
21:14 Town Watch
22:05 Wheelbarrow
22:53 Bodkin Arrow
24:03 Bow Saw
23:45 Stone Mining
23:46 Gold Mining
24:40 Ballistics
24:01 Treadmill Crane
24:43 Ballistics
25:05 Masonry
25:19 Heavy Plow
26:47 Eupseong
27:41 Town Patrol
29:17 Murder Holes
34:45 Imperial Age
34:03 Herbal Medicine
36:29 Architecture
37:02 Chemistry
36:06 Bracer
35:57 Arrowslits
40:18 Two-Man Saw
39:56 Stone Shaft Mining
39:57 Gold Shaft Mining
39:33 Siege Engineers
39:08 Elite War Wagon
stepych
10:21 Loom
14:47 Feudal Age
15:24 Horse Collar
15:32 Double-Bit Axe
17:12 Arson
25:10 Castle Age
23:15 Gold Mining
32:15 Husbandry
32:26 Bloodlines
Connection lost

Rejoining the realm…

Still unreachable

The connection could not be restored.

Session expired

The server has moved on; the page needs a fresh start.